 Dungeon Crawl Stone Soup version 0.30-a0-857-gcaf70739d4 (webtiles) character file.

Game seed: 99476537533376186

434 FallingFreak the Grasshopper (level 7, -4/57 HPs)
             Began as a Ghoul Warper on Mar 5, 2023.
             Slain by Menkaure (21 damage)
             ... on level 4 of the Dungeon.
             The game lasted 00:20:52 (3770 turns).

FallingFreak the Grasshopper (Ghoul Warper)         Turns: 3770, Time: 00:20:52

Health: -4/57      AC:  3    Str: 15    XL:     7   Next: 0%
Magic:  10/10      EV: 11    Int: 16    God:
Gold:   204        SH:  0    Dex:  8    Spells: 5/12 levels left

rFire   + . .      SeeInvis .    a - +2 flail (drain)
rCold   + . .      Faith    .    (no shield)
rNeg    + + +      Spirit   .    m - +1 robe {rF+}
rPois   ∞          Reflect  .    (no helmet)
rElec   .          Rampage  .    B - scarf {+Inv}
rCorr   .                        (no gloves)
Will    .....                    (no boots)
Stlth   +                        (no amulet)
HPRegen 0.00/turn                k - +6 ring of intelligence
MPRegen 0.12/turn                (no ring)

@: inhibited regen
A: claws 1, cold resistance 1, negative energy resistance 3, inhibited
regeneration, torment resistance 2, devour on kill
a: Evoke Invisibility


You were on level 4 of the Dungeon.
You visited 2 branches of the dungeon, and saw 6 of its levels.

You collected 292 gold pieces.
You spent 88 gold pieces at shops.

Inventory:

Hand Weapons
 a - a +2 flail of draining (weapon)
 g - a +0 mace
Missiles
 d - 2 boomerangs of dispersal (quivered) {!f}
 l - 12 poisoned darts
 s - 6 boomerangs
Armour
 b - a +0 leather armour
 m - a +1 robe of fire resistance (worn)
 p - a +0 scale mail
 q - a +0 chain mail
 B - a scarf of invisibility (worn)
 C - a +0 ring mail
Jewellery
 k - a +6 ring of intelligence (left claw)
Wands
 L - a wand of light (10)
 P - a wand of polymorph (11)
Scrolls
 c - 3 scrolls of enchant weapon
 f - a scroll of blinking
 r - 3 scrolls of identify
 t - a scroll of amnesia
 v - a scroll of enchant armour
 y - a scroll of fog
 U - a scroll of torment
Potions
 e - 2 potions of ambrosia {unknown}
 h - 2 potions of mutation {unknown}
 i - a potion of flight {unknown}
 j - a potion of degeneration {unknown}
 n - 2 potions of invisibility {unknown}
 o - 2 potions of lignification {unknown}
 u - a potion of heal wounds {unknown}
 w - a potion of brilliance {unknown}
 x - a potion of might {unknown}
 z - 4 potions of curing
 A - a potion of haste {unknown}


   Skills:
 + Level 3.4 Fighting
 + Level 3.5 Maces & Flails
 - Level 0.8 Throwing
 + Level 2.2 Armour
 - Level 1.7 Dodging
 + Level 3.3 Spellcasting
 + Level 4.1 Translocations


You had 5 spell levels left.
You knew the following spells:

 Your Spells              Type           Power      Damage    Failure   Level
c - Blink                 Tloc           32%        N/A       4%          2
A - Teleport Other        Tloc           16%        N/A       10%         3
Z - Lesser Beckoning      Tloc           32%        N/A       4%          2

Your spell library contained the following spells:

 Spells                   Type           Power      Damage    Failure   Level
 Vhi's Electric Charge    Tloc/Air       18%        N/A       24%         3
 Manifold Assault         Tloc           16%        N/A       32%         4


Dungeon Overview and Level Annotations

Branches:
Dungeon (5/15) Zot: 26282  Temple (1/1) D:4 Zot: 5871

Altars:
Ashenzari
Cheibriados
Kikubaaqudgha
Okawaru
Qazlal
Ru
Trog
Wu Jian

Shops:
D:2 ?

Annotations:
D:3 Grinder
D:4 Menkaure, Prince Ribbit


Innate Abilities, Weirdness & Mutations

You are immune to poison.
You have sharp fingernails.
Your flesh is cold resistant. (rC+)
You are immune to negative energy. (rN+++)
You do not regenerate when monsters are visible.
You are immune to unholy pain and torment.
You thrive by killing the living.


Message History

You throw a boomerang. The boomerang barely misses Menkaure.
The boomerang hits the black bear.
The black bear is lightly wounded.
Throw: 6 boomerangs
Press: ? - help, Q - select action, (/) - cycle Shift-Dir - straight line, f/p - Menkaure
Aim: Menkaure (71% to hit)
You throw a boomerang. The boomerang barely misses Menkaure.
The boomerang hits the black bear.
The black bear is moderately wounded.
Throw: 6 boomerangs
Press: ? - help, Q - select action, (/) - cycle Shift-Dir - straight line, f/p - Menkaure
Aim: Menkaure (71% to hit)
You throw a boomerang. The boomerang hits Menkaure.
Menkaure is lightly damaged.
Menkaure hits you.
You climb upwards.
Level annotation: Prince Ribbit
There is a stone staircase leading down here.
You barely miss Menkaure.
Menkaure is lightly damaged.
Menkaure gestures wildly while chanting.
Menkaure seems to speed up.
You sock Menkaure!
Menkaure is moderately damaged.
Menkaure hits you!!
You closely miss Menkaure.
Menkaure is moderately damaged.
Menkaure hits you!
* * * LOW HITPOINT WARNING * * *
Menkaure barely misses you.
Throw: 3 boomerangs (disperse) {!f}
Press: ? - help, Q - select action, (/) - cycle Shift-Dir - straight line, f - Menkaure
Aim: Menkaure (moderately damaged, fast, 71% to hit)
You throw a boomerang of dispersal {!f}.
The boomerang of dispersal {!f} hits Menkaure and shatters, but does no damage.
Menkaure is moderately damaged.
Menkaure hits you.
* * * LOW HITPOINT WARNING * * *
Menkaure hits you!!
You die...

#.................############..#
)...............M@# #.....#..#
#.................######.###.#..#
#...............................#
#.........##...........#.....##.#
#..).....###......####.#....###.##
#######.......###.# #.#.........#
..............#...####.#...#######
.....###...............#..##
.....##...##.#.######..#..#
.................####..##.#
..........##........#..##.#
..........##...####.#..##.#
...........#......#.#..##.#
.......#...#............#.#
....#..................##.#
...........#......^#.####.#


You could see Menkaure (fast).

Vanquished Creatures
  Blork the orc (D:4)
  A scorpion (D:4)
  6 hounds
  5 adders
  A worm (D:2)
  A dart slug (D:3)
  12 orcs
  4 bats
  8 endoplasms
  4 giant cockroaches
  7 goblins
  3 hobgoblins
  4 jackals (D:1)
  2 quokkas
  5 ball pythons
  A frilled lizard (D:2)
  5 kobolds
  2 rats
72 creatures vanquished.

Vanquished Creatures (others)
  2 plants (D:4)
2 creatures vanquished.

Grand Total: 74 creatures vanquished

Notes
Turn   | Place    | Note
-------+----------+-------------------------------------------
     0 | D:1      | FallingFreak the Ghoul Warper began the quest for the Orb.
     0 | D:1      | Reached XP level 1. HP: 17/17 MP: 2/2
    53 | D:1      | Found a faded altar of an unknown god.
    83 | D:1      | Reached XP level 2. HP: 24/24 MP: 3/3
    88 | D:1      | Learned a level 2 spell: Blink
    91 | D:1      | Learned a level 2 spell: Lesser Beckoning
   252 | D:1      | Reached skill level 3 in Translocations
   485 | D:1      | Increase (s)trength, (i)ntelligence, or (d)exterity?
   485 | D:1      | Reached XP level 3. HP: 29/29 MP: 5/5
   961 | D:2      | Found Qoliej's Magic Scroll Boutique.
   978 | D:2      | Bought a scroll of identify for 22 gold pieces
   978 | D:2      | Bought a scroll of identify for 22 gold pieces
   978 | D:2      | Bought a scroll of identify for 22 gold pieces
   978 | D:2      | Bought a scroll of identify for 22 gold pieces
  1684 | D:3      | Reached XP level 4. HP: 35/36 MP: 6/6
  1740 | D:3      | Learned a level 3 spell: Teleport Other
  2123 | D:3      | Reached skill level 1 in Armour
  2129 | D:3      | Noticed Grinder
  2334 | D:3      | Paralysed by Grinder for 5 turns
  2518 | D:4      | Noticed a scorpion
  2521 | D:4      | Killed a scorpion
  2522 | D:4      | Reached XP level 5. HP: 42/42 MP: 8/8
  2657 | D:4      | Noticed Blork the orc
  2658 | D:4      | Found a staircase to the Ecumenical Temple.
  2672 | D:4      | Killed Blork the orc
  2673 | D:4      | Reached XP level 6. HP: 28/51 MP: 9/9
  2740 | Temple   | Entered the Ecumenical Temple
  2922 | D:4      | Reached skill level 4 in Translocations
  3396 | D:5      | Entered Level 5 of the Dungeon
  3482 | D:5      | Noticed Prince Ribbit
  3707 | D:5      | Reached XP level 7. HP: 50/57 MP: 10/10
  3747 | D:5      | Noticed Menkaure
  3770 | D:4      | Slain by Menkaure

Illustrated notes

Levels and vault maps discovered:
D:1:      doesnt_arrival_eight_statues, layout_basic, basic_ecumenical_altar
D:2:      layout_loops_ring, serial_shops, shop, serial_aquarium,
          aquarium_bridge_long_separate [aquarium_subvault_window,
          aquarium_subvault_window, aquarium_subvault_bridge,
          aquarium_subvault_wall, aquarium_subvault_bridge,
          aquarium_subvault_bridge], aquarium_bridge_square
          [aquarium_subvault_bridge, aquarium_subvault_window,
          aquarium_subvault_wall, aquarium_subvault_window],
          aquarium_window_fake, aquarium_window_corridor_1, aquarium_view_4,
          aquarium_view_2d, aquarium_pool_split
D:3:      layout_rooms, portal_sewer_entry_b, uniq_grinder
D:4:      layout_basic, minmay_temple_entry_gardened_gates, uniq_blork_the_orc
D:5:      layout_loops_ring, mainiacjoe_overflow_catch_the_wave,
          minmay_crystal_room, corexii_hall_statues_s, uniq_ijyb,
          uniq_prince_ribbit1, uniq_menkaure
Temple:   nicolae_temple_two_arcs

Skill      XL: |  1  2  3  4  5  6 |
---------------+-------------------+-----
Maces & Flails | 2 3 |  3.5
Spellcasting   | 2 3 |  3.3
Translocations | 3 4 |  4.1
Armour         | 1 2 |  2.2
Fighting       | 3 |  3.4
Throwing       | |  0.8
Dodging        | |  1.7

Action                     |  1- 3 |  4- 6 |  7- 9 || total
---------------------------+-------+-------+-------++-------
  Melee: Mace              |   104 |    46 |       ||   150
         Punch             |     1 |       |       ||     1
         Flail             |       |    91 |     3 ||    94
  Throw: Stone             |    10 |     7 |       ||    17
         Dart              |     5 |    19 |       ||    24
         Boomerang         |       |     4 |     6 ||    10
    Use: Scroll            |     2 |     3 |       ||     5
   Stab: Sleeping          |     1 |       |       ||     1
 Armour: Leather armour    |    23 |     8 |       ||    31
         Robe              |     5 |    23 |       ||    28
  Dodge: Dodged            |    67 |   105 |     1 ||   173

Table legend: (Time is in decaauts)
 A = Elapsed time spent in this place.
 B = Non-inter-level travel time spent in this place.
 C = Inter-level travel time spent in this place.
 D = Time resting spent in this place.
 E = Time spent auto-exploring this place.
 F = Levels seen in this place.
 G = Mean time per level.
                   A        B        C        D        E       F      G
               +--------+--------+--------+--------+--------+-----+--------+
         Total |   3844 |   3715 |    129 |    375 |   2318 |   6 |  640.7 |
       Dungeon |   3715 |   3592 |    123 |    375 |   2200 |   5 |  743.0 |
        Temple |    128 |    122 |      6 |      0 |    118 |   1 |  128.0 |
               +--------+--------+--------+--------+--------+-----+--------+

Top non-repeatable levels by time:
     D:2: 1163 daAuts
     D:4: 941 daAuts
     D:1: 696 daAuts
     D:3: 543 daAuts
     D:5: 370 daAuts
  Temple: 128 daAuts
